 Dungeon Crawl Stone Soup version 0.29-a0-830-gcb1280458a (webtiles) character file.

Game seed: 17460897945527082763

5428 jlumianski the Cleaver (level 10, -2/76 HPs)
             Began as a Demonspawn Fighter on July 11, 2022.
             Was a Follower of Qazlal.
             Slain by a sun demon (3 damage)
             ... summoned by an obsidian statue
             ... on level 8 of the Dungeon.
             The game lasted 00:31:12 (8782 turns).

jlumianski the Cleaver (Demonspawn Fighter)         Turns: 8782, Time: 00:31:13

Health: -2/76      AC: 17    Str: 21    XL:     10   Next: 40%
Magic:  12/12      EV:  7    Int:  9    God:    Qazlal [*.....]
Gold:   563        SH: 11    Dex: 13    Spells: 9/9 levels left

rFire   + + .      SeeInvis .   a - +4 war axe (venom)
rCold   . . .      Faith    .   c - +0 buckler
rNeg    . . .      Spirit   .   P - +0 plate armour
rPois   .          Reflect  .   (helmet restricted)
rElec   .          Harm     .   D - +0 cloak
rCorr   .          Rampage  .   y - +2 pair of gloves
Will    .....                   (no boots)
Stlth   ..........              (no amulet)
HPRegen 0.22/turn               o - ring of protection from fire
MPRegen 0.13/turn               p - ring of protection from fire

@: mighty, lethally poisoned (-2 -> -12), spiked, mesmerised
A: antennae 2, large bone plates 1, spiny 2, condensation shield
a: Renounce Religion


You were on level 8 of the Dungeon.
You worshipped Qazlal.
Qazlal was aware of your devotion.
You visited 2 branches of the dungeon, and saw 9 of its levels.
You also visited: Sewer.

You collected 563 gold pieces.

Inventory:

Hand Weapons
 a - a +4 war axe of venom (weapon)
 j - a +1 dagger of venom
 C - a +3 quarterstaff of chaos
 E - a +1 flail of protection
 L - a +4 war axe
 S - a +4 whip
 W - a +0 whip of flaming
Missiles
 k - 80 stones
 r - 24 poisoned darts
 I - 7 boomerangs (quivered)
 N - 2 atropa-tipped darts
 T - 4 datura-tipped darts
 U - a throwing net
 X - a curare-tipped dart
Armour
 b - a +0 scale mail
 c - a +0 buckler (worn)
 q - a +0 helmet
 y - a +2 pair of gloves (worn)
 D - a +0 cloak (worn)
 K - +0 acid dragon scales
 M - the +0 leather armour of the Ladybird {rF++ Will+}
   (You found it on level 7 of the Dungeon)

   rF:        It greatly protects you from fire.
   Will:      It increases your willpower.
 P - a +0 plate armour (worn)
Jewellery
 g - a ring of magical power
 o - a ring of protection from fire (left hand)
 p - a ring of protection from fire (right hand)
 A - a +6 ring of intelligence
 F - an amulet of reflection
 H - a ring of protection from fire
Wands
 m - a wand of flame (22)
 w - a wand of iceblast (13)
 z - a wand of polymorph (11)
 J - a wand of light (2)
 V - a wand of charming (12)
Scrolls
 h - 5 scrolls of teleportation
 v - 3 scrolls of magic mapping
 G - a scroll of fear
 O - a scroll of blinking
Potions
 d - a potion of might
 e - 2 potions of haste
 f - a potion of cancellation
 l - a potion of ambrosia
 n - a potion of mutation
 s - 2 potions of brilliance
 t - 2 potions of lignification
 u - a potion of resistance
 x - a potion of attraction
 B - a potion of flight
 Q - a potion of degeneration
 R - a potion of curing


   Skills:
 + Level 5.9 Fighting
 + Level 10.1 Axes
 + Level 0.2 Throwing
 + Level 6.5 Armour
 + Level 2.9 Dodging
 + Level 1.4 Stealth
 + Level 6.1 Shields
 * Level 2.7 Invocations
 * Level 1.1 Evocations


You had 9 spell levels left.
You didn't know any spells.
Your spell library contained the following spells:

 Spells                   Type           Power      Damage    Failure   Level
 Apportation              Tloc           0%         N/A       100%        1
 Static Discharge         Conj/Air       0%         3-3/arc   100%        2
 Call Canine Familiar     Summ           0%         N/A       100%        3
 Portal Projectile        Hex/Tloc       0%         N/A       100%        3
 Dispel Undead            Necr           0%         3d6       100%        4
 Hailstorm                Conj/Ice       0%         3d3       100%        4
 Ice Form                 Ice/Tmut       0%         N/A       100%        4
 Leda's Liquefaction      Hex/Erth       0%         N/A       100%        4
 Sticky Flame             Conj/Fire      0%         2d3       100%        4
 Alistair's Intoxication  Tmut/Pois      0%         N/A       100%        5
 Simulacrum               Ice/Necr       0%         N/A       100%        6


Dungeon Overview and Level Annotations

Branches:
Dungeon (8/15)             Temple (1/1) D:6           Sewer (visited)
   Lair: D:8-11

Altars:
Ashenzari
Dithmenos
Fedhas
Gozag
Hepliaklqana
Okawaru
Qazlal
Sif Muna
Trog
Wu Jian
Yredelemnul

Annotations:
D:8 exclusions: ice statue and obsidian statue


Innate Abilities, Weirdness & Mutations

You have a pair of antennae on your head.
You are partially covered in large bone plates. (SH +4)
You are mostly covered in sharp spines.
A meltable shield of frost defends you. (SH +0)


Message History

The red devil is struck by your spines.
You kill the red devil!
The red devil disappears in a puff of smoke!
The smoke demon hits you. The smoke demon closely misses you. x2
You feel very mighty all of a sudden.
You are covered in liquid flames!
* * * LOW HITPOINT WARNING * * *
You feel very sick.
The crimson imp disappears in a puff of smoke!
The obsidian statue's eyes glow briefly.
You block the smoke demon's attack.
The smoke demon hits you but does no damage.
The smoke demon hits you.
* * * LOW HITPOINT WARNING * * *
You hit the obsidian statue but do no damage.
The obsidian statue is almost destroyed.
You slash the smoke demon!
You kill the smoke demon!
The smoke demon disappears in a puff of smoke!
You closely miss the iron imp. You hit the hellwing but do no damage.
You hit the quasit.
The quasit is poisoned.
* * * LOW HITPOINT WARNING * * *
You feel very sick. You block the quasit's attack.
The quasit claws you but does no damage.
The quasit closely misses you. The iron imp hits you!
* * * LOW HITPOINT WARNING * * *
The obsidian statue's eyes glow briefly.
You feel much better.
You feel very sick. You block the quasit's attack.
The quasit closely misses you. You block the quasit's attack.
The hellwing barely misses you.
The hellwing hits you but does no damage.
The obsidian statue's eyes glow briefly.
The obsidian statue draws you further into its thrall.
The iron imp is struck by your spines. The iron imp barely misses you.
The sun demon hits you!
* * * LOW HITPOINT WARNING * * *
You are engulfed in flames.
You resist.
You die...

#####...#.......#.....#...#......
....#...#.......#.....#...#....<.
....#...#...##..#.....##'##..##.[
....#...#...##..#.........#..##..
....#..##...##..#.........'..#...
....#..##'####..###.......#..#...
....#...........##.....####..##..
[...#.......##.##4ยง...##(########
#####..##...####@55..##...##..#..
+..)'..##...# #358..##..8.!##.'..
#..[#)......# ##...##.....##.##..
##'##.......# ##$##.....##..##..
....#..##...# ###.....###......
....#..##...#####......##.#......
....#.......#.............#......
....#.......#.............#######
....#######'#....#####...........


You could see an obsidian statue (mesmerising), a sun demon (summoned), a
hellwing (summoned), 2 iron imps and a quasit (summoned, very poisoned).

Vanquished Creatures
  A deep elf pyromancer (D:7)
  Maggie (D:7)
  A hornet (D:8)
  Prince Ribbit (D:7)
  A shadow (D:7)
  A wyvern (D:6)
  A steam dragon (D:8)
  A yak (D:7)
  A water moccasin (D:6)
  Menkaure (D:7)
  A black bear (D:6)
  2 ice beasts
  2 orc warriors (D:7)
  5 ogres
  A sky beast (D:8)
  2 phantoms
  4 centaurs
  2 kobold brigands
  2 bullfrogs (D:7)
  A gnoll sergeant (D:6)
  5 scorpions
  5 wights
  3 howler monkeys (D:7)
  4 jellies
  2 hounds
  4 orc priests
  Crazy Yiuf (D:4)
  4 iguanas
  2 orc wizards
  9 gnolls
  6 adders
  3 river rats
  2 shadow imps
  A white imp (D:7)
  4 worms
  26 orcs
  13 ball pythons
  6 bats
  13 endoplasms
  8 giant cockroaches
  10 goblins
  6 hobgoblins
  4 jackals (D:5)
  20 kobolds
  11 quokkas
  4 frilled lizards
  9 rats
217 creatures vanquished.

Vanquished Creatures (others)
  Maurice (D:8)
  2 fungi (D:4)
  10 plants (D:3)
  2 withered plants (D:6)
15 creatures vanquished.

Grand Total: 232 creatures vanquished

Notes
Turn   | Place    | Note
-------+----------+-------------------------------------------
     0 | D:1      | jlumianski the Demonspawn Fighter began the quest for the
                  | Orb.
     0 | D:1      | Reached XP level 1. HP: 18/18 MP: 1/1
   203 | D:1      | Gained mutation: You are partially covered in sharp spines.
                  | [demonic ancestry]
   203 | D:1      | Reached XP level 2. HP: 21/24 MP: 2/2
   760 | D:1      | Reached skill level 2 in Axes
  1059 | D:2      | Gained mutation: You have a pair of small antennae on your
                  | head. [demonic ancestry]
  1059 | D:2      | Reached XP level 3. HP: 29/29 MP: 3/3
  1845 | D:2      | Gained mutation: You are partially covered in large bone
                  | plates. (SH +4) [demonic ancestry]
  1845 | D:2      | Reached XP level 4. HP: 35/35 MP: 4/4
  2292 | D:3      | Found a blossoming altar of Fedhas.
  2734 | D:4      | Found a glowing drain.
  2789 | D:4      | Reached skill level 3 in Axes
  2799 | Sewer    | Entered a sewer
  2879 | Sewer    | Reached XP level 5. HP: 35/41 MP: 5/5
  3004 | Sewer    | Found a viscous altar of Jiyva.
  3060 | Sewer    | Reached skill level 4 in Axes
  3299 | D:4      | Noticed an ogre
  3309 | D:4      | Killed an ogre
  3310 | D:4      | Reached skill level 1 in Dodging
  3310 | D:4      | Gained mutation: You have a pair of antennae on your head.
                  | [demonic ancestry]
  3310 | D:4      | Reached XP level 6. HP: 48/48 MP: 6/6
  3974 | D:4      | Found a runed translucent door.
  3975 | D:4      | Noticed Crazy Yiuf
  3982 | D:4      | Killed Crazy Yiuf
  4040 | D:5      | Entered Level 5 of the Dungeon
  4048 | D:5      | Reached skill level 5 in Axes
  4120 | D:5      | Gained mutation: You are mostly covered in sharp spines.
                  | [demonic ancestry]
  4120 | D:5      | Reached XP level 7. HP: 27/53 MP: 7/7
  4738 | D:5      | Reached skill level 6 in Axes
  4933 | D:6      | Found an ornate altar of the Wu Jian Council.
  4950 | D:6      | Reached XP level 8. HP: 31/60 MP: 8/8
  5008 | D:6      | Found a basalt altar of Yredelemnul.
  5283 | D:6      | Reached skill level 7 in Axes
  5490 | D:5      | Reached skill level 5 in Armour
  5619 | D:6      | Found a staircase to the Ecumenical Temple.
  5628 | Temple   | Entered the Ecumenical Temple
  5641 | Temple   | Became a worshipper of Qazlal Stormbringer
  5652 | D:6      | Found a hazy altar of Hepliaklqana.
  5839 | D:6      | Reached skill level 5 in Fighting
  5839 | D:6      | Gained mutation: A meltable shield of frost defends you.
                  | (SH +0) [demonic ancestry]
  5839 | D:6      | Reached XP level 9. HP: 67/68 MP: 9/9
  5917 | D:6      | Found a broken altar of Ashenzari.
  5944 | D:6      | Reached skill level 8 in Axes
  6173 | D:7      | Noticed Maggie
  6181 | D:7      | Killed Maggie
  6282 | D:7      | Noticed Menkaure
  6291 | D:7      | Killed Menkaure
  6292 | D:7      | Reached skill level 5 in Shields
  6301 | D:7      | Reached * piety under Qazlal
  6310 | D:7      | Reached skill level 1 in Stealth
  6626 | D:7      | Found a bloodstained altar of Trog.
  6640 | D:7      | Reached skill level 9 in Axes
  6840 | D:7      | Noticed a deep elf pyromancer
  6850 | D:7      | Killed a deep elf pyromancer
  6863 | D:7      | Reached XP level 10. HP: 74/75 MP: 10/10
  6945 | D:7      | Noticed Prince Ribbit
  6959 | D:7      | Killed Prince Ribbit
  7067 | D:7      | Identified the +0 leather armour of the Ladybird {rF++
                  | Will+}
  7619 | D:8      | Noticed an obsidian statue
  7673 | D:8      | Reached skill level 10 in Axes
  7701 | D:8      | Noticed an ice statue
  7992 | D:8      | Found an opulent altar of Gozag.
  8139 | D:8      | Reached skill level 1 in Invocations
  8176 | D:8      | Noticed Maurice
  8196 | D:8      | Killed Maurice
  8197 | D:8      | Reached skill level 1 in Evocations
  8416 | D:8      | Reached ** piety under Qazlal
  8707 | D:8      | Found an iron altar of Okawaru.
  8707 | D:8      | Found a shimmering blue altar of Sif Muna.
  8775 | D:8      | Noticed a smoke demon
  8782 | D:8      | Noticed a sun demon
  8782 | D:8      | HP: 1/76 [sun demon[an obsidian statue] (15)]
  8782 | D:8      | Slain by a sun demon

Illustrated notes

Levels and vault maps discovered:
D:1:      dpeg_arrival_houses_and_road, layout_rooms
D:2:      layout_basic
D:3:      layout_basic, mainiacjoe_overflow_six_doors_small, serial_bayou_pond_c
D:4:      layout_cave_pods, portal_sewer_entry_c, minmay_misc_feat_ornament,
          wad_floor_pattern_1, uniq_crazy_yiuf_cottage
D:5:      layout_loops_ring, tso_metal_star
D:6:      layout_loops_ring, mainiacjoe_overflow_paths,
          yredelemnul_altar_generic, overflow_temple_1_default,
          mainiacjoe_overflow_cross_hatched, minmay_temple_entry_ruins
D:7:      minmay_chambers_of_sixes, layout_basic, trog_butcher_becter,
          uniq_maggie, uniq_menkaure, uniq_prince_ribbit1
D:8:      minmay_separated_statues, layout_gridville,
          grunt_temple_overflow_gold_and_silver,
          gammafunk_temple_overflow_statue, uniq_maurice
Temple:   hellmonk_temple_forest_ring

Skill      XL: |  1  2  3  4  5  6  7  8  9 10 |
---------------+-------------------------------+-----
Armour         | 3 4 5 6 |  6.5
Axes           | 2 3 4 5 6 7 9 10 | 10.1
Shields        | 3 4 5 6 |  6.1
Dodging        | 1 2 |  2.9
Fighting       | 4 5 |  5.9
Stealth        | 1 |  1.4
Invocations    | 2 |  2.7
Evocations     | 1 |  1.1
Throwing       | |  0.2

Action                   |  1- 3 |  4- 6 |  7- 9 | 10-12 || total
-------------------------+-------+-------+-------+-------++-------
Melee: War axe           |    88 |   109 |   179 |    72 ||   448
Throw: Stone             |       |     1 |     2 |     1 ||     4
Evoke: Wand              |       |     1 |       |     1 ||     2
  Use: Scroll            |       |    15 |     8 |     2 ||    25
       Potion            |       |     3 |     3 |     4 ||    10
Armor: Scale mail        |    41 |    29 |    43 |     3 ||   116
       Plate armour      |       |       |       |    45 ||    45
Dodge: Dodged            |    44 |    33 |    62 |    15 ||   154
Block: Buckler           |    20 |    42 |   114 |    55 ||   231

Table legend: (Time is in decaauts)
 A = Elapsed time spent in this place.
 B = Non-inter-level travel time spent in this place.
 C = Inter-level travel time spent in this place.
 D = Time resting spent in this place.
 E = Time spent auto-exploring this place.
 F = Levels seen in this place.
 G = Mean time per level.
                   A        B        C        D        E       F      G
               +--------+--------+--------+--------+--------+-----+--------+
         Total |   8945 |   8782 |    163 |    534 |   5248 |  10 |  894.5 |
       Dungeon |   8531 |   8368 |    163 |    534 |   5112 |   8 | 1066.4 |
        Temple |     21 |     21 |      0 |      0 |      0 |   1 |   21.0 |
         Sewer |    392 |    392 |      0 |      0 |    136 |   1 |  392.0 |
               +--------+--------+--------+--------+--------+-----+--------+

Top non-repeatable levels by time:
     D:8: 1412 daAuts
     D:7: 1215 daAuts
     D:5: 1146 daAuts
     D:1: 1055 daAuts
     D:6: 992 daAuts
     D:4: 989 daAuts
     D:2: 957 daAuts
     D:3: 763 daAuts
   Sewer: 392 daAuts
  Temple: 21 daAuts
